 Dungeon Crawl Stone Soup version 0.29-a0-1033-gb6c65ffae6 (webtiles) character file.

Game seed: 17810183377112872001

26 purpskrrrp the Trooper (level 2, -1/24 HPs)
             Began as a Demonspawn Abyssal Knight on Aug 15, 2022.
             Was a Believer of Lugonu.
             Slain by a jackal (2 damage)
             ... on level 1 of the Dungeon.
             The game lasted 00:02:15 (764 turns).

purpskrrrp the Trooper (Demonspawn Abyssal Knight)   Turns: 764, Time: 00:02:16

Health: -1/24      AC:  3    Str: 13    XL:     2   Next: 89%
Magic:  4/4        EV: 11    Int: 11    God:    Lugonu [**....]
Gold:   64         SH:  0    Dex: 13    Spells: 1/1 levels left

rFire   . . .      SeeInvis .   a - +1 falchion
rCold   . . .      Faith    .   (no shield)
rNeg    . . .      Spirit   .   b - +0 leather armour
rPois   .          Reflect  .   (helmet restricted)
rElec   .          Harm     .   (no cloak)
rCorr   .          Rampage  .   (no gloves)
Will    .....                   (no boots)
Stlth   +.........              (no amulet)
HPRegen 0.08/turn               (no ring)
MPRegen 0.09/turn               (no ring)

@: flying
A: horns 1
a: Renounce Religion, Depart the Abyss, Bend Space


You were on level 1 of the Dungeon.
You worshipped Lugonu.
Lugonu was pleased with you.
You visited 1 branch of the dungeon, and saw 1 of its levels.
You visited the Abyss 1 time.

You collected 64 gold pieces.

Inventory:

Hand Weapons
 a - a +1 falchion (weapon)
Armour
 b - a +0 leather armour (worn)
Scrolls
 c - a scroll of teleportation
 d - a scroll of vulnerability {unknown}
 e - 2 scrolls of identify
Potions
 f - a potion of flight


   Skills:
 + Level 3.2 Fighting
 + Level 2.1 Long Blades
 + Level 2.1 Armour
 + Level 1.3 Dodging
 + Level 2.9 Invocations


You had one spell level left.
You didn't know any spells.
Your spell library was empty.

Dungeon Overview and Level Annotations

Branches:
Dungeon (1/15)

Altars:


Innate Abilities, Weirdness & Mutations

You have a pair of small horns on your head.


Message History

You hit the jackal.
You kill the jackal!
Lugonu accepts your kill. The jackal closely misses you.
The jackal bites you but does no damage.
You hit the jackal but do no damage.
The jackal is almost dead.
The jackal bites you.
* * * LOW HITPOINT WARNING * * *
The jackal bites you but does no damage.
The jackal completely misses you.
You hit the jackal.
You kill the jackal!
Lugonu accepts your kill. The jackal misses you. The jackal bites you.
* * * LOW HITPOINT WARNING * * *
You closely miss the jackal.
You headbutt the jackal, but do no damage.
The jackal barely misses you.
The jackal bites you but does no damage.
You hit the jackal.
The jackal is moderately wounded.
The jackal bites you.
* * * LOW HITPOINT WARNING * * *
You barely miss the jackal.
The jackal is moderately wounded.
The jackal bites you.
* * * LOW HITPOINT WARNING * * *
The jackal bites you.
* * * LOW HITPOINT WARNING * * *
Okay, then.
You don't have enough health at the moment.
It was a potion of flight.
You feel very buoyant.
You fly up into the air.
The jackal closely misses you.
As you read the scroll labelled JADGHO DAMUFE, it crumbles to dust.
It is a scroll of identify.
c - a scroll of teleportation The jackal bites you.
You die...

##.# #.#####.(...#...#...##
##.####.#####..#.##.#..#...######
##.##................#..#........
##........#.#..#......#...#######
#####.#####.#..###..#..#..# # #.#
#.#..# #...#..#.# # #.# #.#..#
#....#...# # #.#
#.#..###..#..#..# # #†#
#.#...@†#..#..#..
#####.#####....h##....#...#
...............J..†.#..#.##
#####.#######.#.###......#
......# #.#.# ####.## #######
#.#.# .. ######## #.#.# #
........ ..#.# ########


You could see an endoplasm and a jackal.

Vanquished Creatures
  2 bats (D:1)
  4 endoplasms (D:1)
  3 giant cockroaches (D:1)
  3 jackals (D:1)
  3 kobolds (D:1)
  2 ball pythons (D:1)
  2 frilled lizards (D:1)
  3 rats (D:1)
22 creatures vanquished.

Notes
Turn   | Place    | Note
-------+----------+-------------------------------------------
     0 | Abyss:1  | purpskrrrp the Demonspawn Abyssal Knight began the quest
                  | for the Orb.
     0 | Abyss:1  | Reached XP level 1. HP: 18/18 MP: 2/2
    52 | Abyss:1  | Noticed a tengu reaver skeleton
    53 | D:1      | Escaped the Abyss
   164 | D:1      | Reached skill level 1 in Dodging
   289 | D:1      | Gained mutation: You have a pair of small horns on your
                  | head. [demonic ancestry]
   289 | D:1      | Reached XP level 2. HP: 20/24 MP: 4/4
   762 | D:1      | HP: 1/24 [jackal (1)]
   764 | D:1      | Slain by a jackal

Illustrated notes

Levels and vault maps discovered:
D:1:      mrwooster_arrival_statue_2, layout_loops_ring,
          minmay_misc_feat_secret_circle, minmay_misc_feat_diagonals,
          minmay_tree_intersection

Skill      XL: |  1  2 |
---------------+-------+-----
Dodging        | 1 |  1.3
Armour         | 2 |  2.1
Long Blades    | 2 |  2.1
Fighting       | |  3.2
Invocations    | |  2.9

Action                   || total
-------------------------++-------
Melee: Falchion          ||    50
       Headbutt          ||     5
Invok: Depart the Abyss  ||     1
  Use: Scroll            ||     1
       Potion            ||     1
Armor: Leather armour    ||    20
Dodge: Dodged            ||    52

Table legend: (Time is in decaauts)
 A = Elapsed time spent in this place.
 B = Non-inter-level travel time spent in this place.
 C = Inter-level travel time spent in this place.
 D = Time resting spent in this place.
 E = Time spent auto-exploring this place.
 F = Levels seen in this place.
 G = Mean time per level.
                   A        B        C        D        E       F      G
               +--------+--------+--------+--------+--------+-----+--------+
         Total |    773 |    773 |      0 |      0 |    613 |   2 |  386.5 |
       Dungeon |    720 |    720 |      0 |      0 |    588 |   1 |  720.0 |
         Abyss |     53 |     53 |      0 |      0 |     25 |   1 |   53.0 |
               +--------+--------+--------+--------+--------+-----+--------+

Top non-repeatable levels by time:
     D:1: 720 daAuts
 Abyss:1: 53 daAuts
